 Dungeon Crawl Stone Soup version 0.27-a0-1579-g97d2440184 (webtiles) character file.

Game seed: 14056336278036074573

39 dynsetu the Ducker (level 3, 29/29 HPs)
             Began as a Djinni Gladiator on July 17, 2021.
             Quit the game on level 2 of the Dungeon.
             The game lasted 00:01:44 (1388 turns).

dynsetu the Ducker (Djinni Gladiator)               Turns: 1388, Time: 00:01:45

Health: 29/29      AC:  5    Str: 14    XL:     3   Next: 67%
Gold:   59         EV: 13    Int:  9    God:
                   SH:  0    Dex: 14

rFire    + + .     SeeInvis .   a - +0 long sword
rCold    x . .     Faith    .   (no shield)
rNeg     . . .     Spirit   .   b - +0 leather armour
rPois    ∞         Reflect  .   c - +0 helmet
rElec    .         Harm     .   e - +0 cloak
rCorr    .         Rampage  .   (no gloves)
Will     .....                  (boots unavailable)
Stlth    +.........             (no amulet)
HPRegen  0.09/turn              (no ring)
MPRegen  0.00/turn              (no ring)

@: flying
A: sickness immunity, fire resistance 2, cold vulnerability 1, float, innate
caster, hp casting, extra vitality 1
a: no special abilities


You were on level 2 of the Dungeon.
You visited 1 branch of the dungeon, and saw 2 of its levels.

You collected 59 gold pieces.

Inventory:

Hand Weapons
 a - a +0 long sword (weapon)
Missiles
 d - 3 throwing nets (quivered)
 f - 7 boomerangs
Armour
 b - a +0 leather armour (worn)
 c - a +0 helmet (worn)
 e - a +0 cloak (worn)
Jewellery
 i - a ring of wizardry
Scrolls
 h - a scroll of enchant weapon {unknown}
 j - a scroll of teleportation {unknown}
Potions
 g - a potion of curing {unknown}


   Skills:
 + Level 2.3 Fighting
 + Level 3.2 Long Blades
 + Level 1.8 Throwing
 + Level 0.5 Armour
 + Level 3.7 Dodging


You had one spell level left.
You knew the following spells:

 Your Spells              Type           Power      Damage    Failure   Level
a - Magic Dart            Conj           0%         1d3       45%         1
Your spell library was empty.

Dungeon Overview and Level Annotations

Branches:
Dungeon (2/15)

Altars:


Innate Abilities, Weirdness & Mutations

You are immune to sickness and miasma.
You are immune to poison.
Your flesh is very heat resistant. (rF++)
You are vulnerable to cold. (rC-)
You float through the air rather than walking.
You learn spells naturally, not from books.
Your magical power is your life essence.
You have superior vitality. (+4 HP)


Message History

You reach down and open the door.
There is an open door here.
Done exploring.
Done exploring.
There is a shaft here.
There is a stone staircase leading down here.
You fly downwards.
There is a stone staircase leading up here.
The bat hits you but does no damage. x2; The bat closely misses you.
You barely miss the bat. The bat completely misses you.
The bat barely misses you.
You riposte.
You closely miss the bat. You closely miss the bat. The bat barely misses you.
The bat closely misses you. The bat hits you but does no damage.
You hit the bat but do no damage. The bat misses you.
The bat hits you but does no damage. The bat misses you.
You riposte.
You hit the bat.
You kill the bat!
No target in view!
No target in view!
No target in view!
No target in view!
No target in view!
No target in view!
No target in view!
No target in view!
No target in view!
No target in view!
No target in view!
No target in view!
No target in view!
No target in view!
A gnoll comes into view. It is wielding a +0 club.
The gnoll shouts!
You hear a shout! x2
A gnoll comes into view. It is wielding a +0 halberd.
A gnoll comes into view. It is wielding a +0 club.
You hear a shout!
There are monsters nearby!
There is a stone staircase leading up here.
Okay, then.
Are you sure you want to abandon this character and quit the game? (Confirm with "yes".)

#.#
#.#
#.#
#.#
#g#
#.#
#.#
#.#
#@#
#<#
#.#
#.#
#.#
#.#
...
...
##.


You could see a gnoll.

Vanquished Creatures
  4 bats
  7 endoplasms (D:1)
  2 giant cockroaches (D:1)
  2 goblins (D:1)
  3 hobgoblins (D:1)
  6 jackals (D:1)
  A quokka (D:1)
  A frilled lizard (D:1)
  5 kobolds (D:1)
  2 rats (D:1)
33 creatures vanquished.

Notes
Turn   | Place    | Note
-------+----------+-------------------------------------------
     0 | D:1      | dynsetu the Djinni Gladiator began the quest for the Orb.
     0 | D:1      | Reached XP level 1. HP: 18/18 MP: 0/0
   308 | D:1      | Reached XP level 2. HP: 23/23 MP: 0/0
   562 | D:1      | Reached XP level 3. HP: 22/28 MP: 0/0
   562 | D:1      | Learned a level 1 spell: Magic Dart
  1388 | D:2      | Quit the game

Illustrated notes

Levels and vault maps discovered:
D:1:      minmay_arrival_statue_studded, layout_basic, minivault_26
D:2:      layout_loops_ring, hellmonk_ecumenical_altar_slurped_away,
          uniq_crazy_yiuf_cottage

Skill      XL: |  1  2 |
---------------+-------+-----
Long Blades    | 3 |  3.2
Fighting       | |  2.3
Throwing       | |  1.8
Armour         | |  0.5
Dodging        | |  3.7

Action                   || total
-------------------------++-------
Melee: Long sword        ||    82
 Cast: Magic Dart        ||     9
 Stab: Sleeping          ||     1
Armor: Leather armour    ||    36
Dodge: Dodged            ||    59
       Rpst.: Long sword ||    15

Table legend: (Time is in decaauts)
 A = Elapsed time spent in this place.
 B = Non-inter-level travel time spent in this place.
 C = Inter-level travel time spent in this place.
 D = Time resting spent in this place.
 E = Time spent auto-exploring this place.
 F = Levels seen in this place.
 G = Mean time per level.
                   A        B        C        D        E       F      G
               +--------+--------+--------+--------+--------+-----+--------+
         Total |   1408 |   1376 |     32 |      0 |   1150 |   2 |  704.0 |
       Dungeon |   1408 |   1376 |     32 |      0 |   1150 |   2 |  704.0 |
               +--------+--------+--------+--------+--------+-----+--------+

Top non-repeatable levels by time:
     D:1: 1391 daAuts
     D:2: 17 daAuts
